Peoria Rivermen vs Abbotsford Heat
Created - Thursday, June 8, 2023 at 07:14
Goals
|
| Peoria Rivermen |
2 |
4 |
0 |
6 |
| Abbotsford Heat |
3 |
1 |
0 |
4 |
|
Shots
|
| Peoria Rivermen |
7 |
17 |
3 |
27 |
| Abbotsford Heat |
12 |
9 |
9 |
30 |
|
1st period
1. Abbotsford Heat , Bobby Brink 49 (Cole Perfetti 45) at 10:46 (SH)
2. Abbotsford Heat , Bobby Brink 50 (Cole Perfetti 46) at 10:54 (SH)
3. Peoria Rivermen , Ryan Lomberg 28 (Tyler Pitlick 29, Dakota Joshua 32) at 11:00 (PP)
4. Peoria Rivermen , Sasha Chmelevski 39 (Nico Sturm 9, Josiah Slavin 26) at 14:18
5. Abbotsford Heat , Alex Limoges 9 (Jacob Peterson 15, Benoit-Olivier Groulx 14) at 19:30
Penalties :
Dennis Gilbert (ABH) for Tripping (Minor) at 1:28, Jakob Pelletier (PRM) for Holding (Minor) at 5:29, Ryan Merkley (ABH) for Roughing (Minor) at 9:28, Yakov Trenin (ABH) for High sticking (Minor) at 16:38
2nd period
6. Peoria Rivermen , Ryan Lomberg 29 (Dakota Joshua 33, Tyler Pitlick 30) at 2:48
7. Abbotsford Heat , Alex Limoges 10 (Michael Anderson 29) at 9:53
8. Peoria Rivermen , Brandon Biro 30 (Zachary Jones 23, Josiah Slavin 27) at 10:56
9. Peoria Rivermen , Josiah Slavin 18 (Zachary Jones 24) at 12:01
10. Peoria Rivermen , Dakota Joshua 21 (Jalen Chatfield 32, Tyler Pitlick 31) at 17:38 (PP)
Penalties :
Ryan Lomberg (PRM) for Cross-checking (Minor) at 12:51, Cole Sillinger (ABH) for Roughing (Double Minor) at 16:34
3rd period
No Goal
Penalties :
Ryan Lomberg (PRM) for Holding (Minor) at 1:32, Yakov Trenin (ABH) for Fighting (Major) at 4:14, Dakota Joshua (PRM) for Fighting (Major) at 4:14, Ryan Lomberg (PRM) for Hooking (Minor) at 15:34
Goalie Stats
Joey Daccord (PRM), 26 saves from 30 shots - (0.867), W, 27-15-2, 60:00 minutes
Pheonix Copley (ABH), 21 saves from 27 shots - (0.778), L, 12-18-1, 60:00 minutes
Players Stats for Peoria Rivermen
Player Name G A P +/- PIM S H SB GA TA FO MP PP MP PK MP
------------------------------------------------------------------------------------
Brandon Biro 1 0 1 1 0 2 0 0 1 0 2/2 11:10 0:00 2:58
Connor Mackey 0 0 0 -1 0 0 2 1 0 1 0/0 22:14 4:18 3:23
Dakota Joshua 1 2 3 0 5 2 4 0 0 0 8/17 16:28 4:14 0:18
Grant Mismash 0 0 0 1 0 0 2 0 0 0 1/1 7:07 0:00 0:00
Jakob Pelletier 0 0 0 0 2 2 1 0 0 0 2/3 10:12 0:00 0:00
Jalen Chatfield 0 1 1 -1 0 1 2 3 0 1 0/0 25:17 4:15 4:33
Jesper Froden 0 0 0 1 0 0 0 0 0 0 1/1 7:07 0:00 0:00
Jonas Rondbjerg 0 0 0 0 0 1 2 0 0 1 0/0 11:01 0:00 1:00
Josiah Slavin 1 2 3 -1 0 1 1 0 1 0 1/3 14:59 4:19 0:00
Matthew Kessel 0 0 0 2 0 0 1 0 0 0 0/0 12:29 0:00 0:00
Nick Leddy 0 0 0 2 0 0 0 0 0 0 0/0 12:29 0:00 0:00
Nico Sturm 0 1 1 -1 0 3 2 0 0 0 10/20 20:12 4:19 3:14
Radim Zohorna 0 0 0 0 0 3 0 0 1 2 0/0 14:27 0:00 1:40
Ryan Lomberg 2 0 2 0 6 2 4 0 1 0 0/0 19:01 4:14 0:54
Sasha Chmelevski 1 0 1 -1 0 4 3 0 1 1 0/2 20:23 4:19 3:30
Tyler Pitlick 0 3 3 0 0 5 0 0 3 0 1/4 19:52 4:14 2:18
Yegor Zamula 0 0 0 -1 0 0 1 3 0 1 0/0 25:17 4:15 4:33
Zachary Jones 0 2 2 -1 0 1 2 3 0 0 0/0 22:14 4:18 3:23
Players Stats for Abbotsford Heat
Player Name G A P +/- PIM S H SB GA TA FO MP PP MP PK MP
------------------------------------------------------------------------------------
Alex Limoges 2 0 2 1 0 2 1 0 1 0 0/1 10:21 0:00 0:00
Benoit-Olivier Groulx 0 1 1 1 0 3 1 0 0 1 3/5 13:44 0:52 2:12
Bobby Brink 2 0 2 2 0 6 1 0 0 1 5/6 22:10 2:54 3:47
Cole Perfetti 0 2 2 2 0 2 0 0 1 1 0/2 22:10 2:54 3:47
Cole Sillinger 0 0 0 -2 4 7 0 1 1 0 9/13 18:42 4:06 2:43
Daniil Miromanov 0 0 0 -2 0 0 0 1 1 0 0/0 13:41 0:56 0:00
Dennis Gilbert 0 0 0 2 2 0 1 0 0 1 0/0 21:40 3:19 3:50
Filip Chlapik 0 0 0 0 0 0 0 0 0 0 0/1 4:00 0:57 0:32
Gabriel Fortier 0 0 0 -1 0 0 1 0 0 0 0/0 5:53 0:00 0:00
Jacob Peterson 0 1 1 0 0 3 1 0 0 1 2/4 15:10 0:00 0:00
Lane Pederson 0 0 0 -2 0 1 1 1 1 0 0/0 15:36 4:05 0:00
Michael Anderson 0 1 1 0 0 0 1 0 0 0 0/0 23:57 3:44 3:58
Rafael Harvey-Pinard 0 0 0 -2 0 1 0 0 1 0 0/1 15:37 4:06 0:00
Ryan Merkley 0 0 0 -1 2 1 0 1 0 2 0/0 23:24 3:44 3:26
Shane Pinto 0 0 0 -1 0 0 0 0 0 0 0/0 7:52 0:56 0:30
Vincent Desharnais 0 0 0 2 0 0 2 1 1 0 0/0 22:26 3:20 4:35
Wyatt Newpower 0 0 0 -1 0 2 1 2 0 0 0/0 14:55 0:53 1:17
Yakov Trenin 0 0 0 0 7 2 3 3 0 1 8/20 20:04 2:54 3:35
3 Stars
1 - Bobby Brink (ABH)
2 - Alex Limoges (ABH)
3 - Josiah Slavin (PRM)
Power Play
Peoria Rivermen - 2 on 5 Attempt(s) - 40.00%
Abbotsford Heat - 0 on 4 Attempt(s) - 0.00%
Penalty Kill
Peoria Rivermen - 4 on 4 Attempt(s) - 100.00%
- Score 0 goal in Penalty Kill
Abbotsford Heat - 3 on 5 Attempt(s) - 60.00%
- Score 2 goal in Penalty Kill
Team Stat
Peoria Rivermen - Hits : 27 - Faceoff Wins : 26 - Blocked Shots : 10 - Penalty Minutes : 13
Abbotsford Heat - Hits : 14 - Faceoff Wins : 27 - Blocked Shots : 10 - Penalty Minutes : 15
Official
Referees : Tom Kowal and Greg Kimmerly
Linesman : Michel Cormier and Pierre Racicot
Game Notes
Yakov Trenin and Dakota Joshua fight to a draw at 4:14 of 3rd period
Peoria Rivermen
5 vs 5 Forward
Center Left Wing Right Wing Time % Phy DF OF
1 Nico Sturm Radim Zohorna Sasha Chmelevski 30 1 2 2
2 Dakota Joshua Ryan Lomberg Tyler Pitlick 30 1 2 2
3 Jakob Pelletier Josiah Slavin Jonas Rondbjerg 25 1 2 2
4 Grant Mismash Brandon Biro Jesper Froden 15 1 2 2
5 vs 5 Defense
Defense Defense Time % Phy DF OF
1 Jalen Chatfield Yegor Zamula 30 1 2 2
2 Zachary Jones Connor Mackey 30 1 2 2
3 Nick Leddy Matthew Kessel 25 1 2 2
4 Jalen Chatfield Yegor Zamula 15 1 2 2
PowerPlay Forward
Center Left Wing Right Wing Time % Phy DF OF
1 Nico Sturm Josiah Slavin Sasha Chmelevski 50 1 2 2
2 Dakota Joshua Ryan Lomberg Tyler Pitlick 50 1 2 2
PowerPlay Defense
Defense Defense Time % Phy DF OF
1 Jalen Chatfield Yegor Zamula 50 1 2 2
2 Zachary Jones Connor Mackey 50 1 2 2
Penalty Kill 4 Players Forward
Center Wing Time % Phy DF OF
1 Tyler Pitlick Nico Sturm 50 1 2 2
2 Sasha Chmelevski Ryan Lomberg 50 1 2 2
Penalty Kill 4 Players Defense
Defense Defense Time % Phy DF OF
1 Jalen Chatfield Yegor Zamula 50 1 2 2
2 Zachary Jones Connor Mackey 50 1 2 2
Penalty Kill - 3 Players Forward
Forward Time % Phy DF OF
1 Sasha Chmelevski 50 1 2 2
2 Nico Sturm 50 1 2 2
Penalty Kill - 3 Players Defense
Defense Defense Time % Phy DF OF
1 Jalen Chatfield Yegor Zamula 50 1 2 2
2 Zachary Jones Connor Mackey 50 1 2 2
4 vs 4 Forward
Center Wing Time % Phy DF OF
1 Jakob Pelletier Nico Sturm 50 1 2 2
2 Sasha Chmelevski Ryan Lomberg 50 1 2 2
4 vs 4 Defense
Defense Defense Time % Phy DF OF
1 Jalen Chatfield Yegor Zamula 50 1 2 2
2 Zachary Jones Connor Mackey 50 1 2 2
Last Minutes Offensive
Center Left Wing Right Wing Defense Defense
Nico Sturm Ryan Lomberg Sasha Chmelevski Jalen Chatfield Yegor Zamula
Last Minutes Defensive
Center Left Wing Right Wing Defense Defense
Nico Sturm Ryan Lomberg Sasha Chmelevski Jalen Chatfield Yegor Zamula
Goaltenders
Starting : Joey Daccord
Backup : Scott Wedgewood
Extra Forwards
Normal : Josiah Slavin, Jakob Pelletier, Brandon Biro - PP : Josiah Slavin, Jakob Pelletier - PK : Brandon Biro
Extra Defensemen
Normal : Jalen Chatfield, Matthew Kessel, Zachary Jones - PP : Yegor Zamula - PK : Matthew Kessel, Zachary Jones
Penalty Shots
Brandon Biro, Nico Sturm, Sasha Chmelevski, Ryan Lomberg, Tyler Pitlick
Abbotsford Heat
5 vs 5 Forward
Center Left Wing Right Wing Time % Phy DF OF
1 Yakov Trenin Cole Perfetti Bobby Brink 30 1 2 2
2 Cole Sillinger Rafael Harvey-Pinard Lane Pederson 30 1 2 2
3 Benoit-Olivier Groulx Alex Limoges Jacob Peterson 25 1 2 2
4 Jacob Peterson Gabriel Fortier Shane Pinto 15 1 2 2
5 vs 5 Defense
Defense Defense Time % Phy DF OF
1 Michael Anderson Ryan Merkley 35 1 2 2
2 Vincent Desharnais Dennis Gilbert 35 1 2 2
3 Daniil Miromanov Wyatt Newpower 30 1 2 2
4 Michael Anderson Ryan Merkley 0 1 2 2
PowerPlay Forward
Center Left Wing Right Wing Time % Phy DF OF
1 Yakov Trenin Cole Perfetti Bobby Brink 50 1 2 2
2 Cole Sillinger Rafael Harvey-Pinard Lane Pederson 50 1 2 2
PowerPlay Defense
Defense Defense Time % Phy DF OF
1 Michael Anderson Ryan Merkley 50 1 2 2
2 Vincent Desharnais Dennis Gilbert 50 1 2 2
Penalty Kill 4 Players Forward
Center Wing Time % Phy DF OF
1 Yakov Trenin Cole Sillinger 50 1 2 2
2 Bobby Brink Cole Perfetti 50 1 2 2
Penalty Kill 4 Players Defense
Defense Defense Time % Phy DF OF
1 Michael Anderson Ryan Merkley 50 1 2 2
2 Vincent Desharnais Dennis Gilbert 50 1 2 2
Penalty Kill - 3 Players Forward
Forward Time % Phy DF OF
1 Yakov Trenin 50 1 2 2
2 Cole Sillinger 50 1 2 2
Penalty Kill - 3 Players Defense
Defense Defense Time % Phy DF OF
1 Michael Anderson Ryan Merkley 50 1 2 2
2 Vincent Desharnais Dennis Gilbert 50 1 2 2
4 vs 4 Forward
Center Wing Time % Phy DF OF
1 Yakov Trenin Cole Sillinger 50 1 2 2
2 Bobby Brink Cole Perfetti 50 1 2 2
4 vs 4 Defense
Defense Defense Time % Phy DF OF
1 Michael Anderson Ryan Merkley 50 1 2 2
2 Vincent Desharnais Dennis Gilbert 50 1 2 2
Last Minutes Offensive
Center Left Wing Right Wing Defense Defense
Yakov Trenin Cole Perfetti Bobby Brink Michael Anderson Ryan Merkley
Last Minutes Defensive
Center Left Wing Right Wing Defense Defense
Yakov Trenin Cole Perfetti Bobby Brink Michael Anderson Ryan Merkley
Goaltenders
Starting : Pheonix Copley
Backup : Dustin Wolf
Extra Forwards
Normal : Filip Chlapik, Shane Pinto, Benoit-Olivier Groulx - PP : Filip Chlapik, Shane Pinto - PK : Benoit-Olivier Groulx
Extra Defensemen
Normal : Daniil Miromanov, Wyatt Newpower, Vincent Desharnais - PP : Daniil Miromanov - PK : Wyatt Newpower, Vincent Desharnais
Penalty Shots
Yakov Trenin, Cole Sillinger, Bobby Brink, Cole Perfetti, Benoit-Olivier Groulx
% Time on Ice - Peoria Rivermen
Lines # - Real PCT - Wanted PCT - Time Play
Normal Forward
1 - 27% - 30% - 11:55
2 - 35% - 30% - 15:01
3 - 22% - 25% - 9:28
4 - 16% - 15% - 7:07
Normal Defense
1 - 29% - 30% - 12:48
2 - 33% - 30% - 14:33
3 - 29% - 25% - 12:29
4 - 8% - 15% - 3:41
PP Forward
1 - 50% - 50% - 4:19
2 - 50% - 50% - 4:14
PP Defense
1 - 50% - 50% - 4:15
2 - 50% - 50% - 4:18
PK Forward
1 - 41% - 50% - 3:16
2 - 59% - 50% - 4:40
PK Defense
1 - 57% - 50% - 4:33
2 - 43% - 50% - 3:23
PK3 Forward
1 - 0% - 50%
2 - 0% - 50%
PK3 Defense
1 - 0% - 50%
2 - 0% - 50%
44 Forward
1 - 0% - 50%
2 - 0% - 50%
44 Defense
1 - 0% - 50%
2 - 0% - 50%
Last Minute Offensive - 0:00
Last Minute Defensive - 0:00
Total
Forward - 60:00
Defense - 60:00
|
% Time on Ice - Abbotsford Heat
Lines # - Real PCT - Wanted PCT - Time Play
Normal Forward
1 - 34% - 30% - 14:59
2 - 28% - 30% - 12:18
3 - 24% - 25% - 10:21
4 - 14% - 15% - 5:53
Normal Defense
1 - 37% - 35% - 16:15
2 - 33% - 35% - 14:31
3 - 29% - 30% - 12:45
4 - 0% - 0% - 0:00
PP Forward
1 - 37% - 50% - 2:54
2 - 63% - 50% - 5:02
PP Defense
1 - 47% - 50% - 3:44
2 - 53% - 50% - 4:12
PK Forward
1 - 56% - 50% - 4:46
2 - 44% - 50% - 3:47
PK Defense
1 - 46% - 50% - 3:58
2 - 54% - 50% - 4:35
PK3 Forward
1 - 0% - 50%
2 - 0% - 50%
PK3 Defense
1 - 0% - 50%
2 - 0% - 50%
44 Forward
1 - 0% - 50%
2 - 0% - 50%
44 Defense
1 - 0% - 50%
2 - 0% - 50%
Last Minute Offensive - 0:00
Last Minute Defensive - 0:00
Total
Forward - 60:00
Defense - 60:00
|
Play-by-Play
1st period
0:01 of 1st period - Nico Sturm wins face-off versus Yakov Trenin in neutral zone.
0:30 of 1st period - Wrist shot by Yakov Trenin.
0:30 of 1st period - Stopped by Joey Daccord without a rebound.
0:31 of 1st period - Dakota Joshua wins face-off versus Cole Sillinger in Peoria Rivermen zone.
0:57 of 1st period - Alex Limoges is hit by Connor Mackey and loses puck.
1:28 of 1st period - Minor Penalty to Dennis Gilbert for Tripping.
1:29 of 1st period - Yakov Trenin wins face-off versus Nico Sturm in Abbotsford Heat zone.
2:58 of 1st period - Wrist shot by Dakota Joshua.
2:58 of 1st period - Deflect By Yakov Trenin.
2:58 of 1st period - Shot Blocked by Yakov Trenin.
2:58 of 1st period - Puck is out of play.
2:59 of 1st period - Josiah Slavin wins face-off versus Yakov Trenin in Abbotsford Heat zone.
3:28 of 1st period - Penalty to Dennis Gilbert is over, Dennis Gilbert is back on ice.
3:58 of 1st period - Snap shot by Cole Sillinger.
3:58 of 1st period - Stopped by Joey Daccord with a rebound.
4:00 of 1st period - Wrist shot by Cole Sillinger.
4:00 of 1st period - Shot Misses the Net.
4:44 of 1st period - Dakota Joshua is hit by Lane Pederson and loses puck.
5:11 of 1st period - Snap shot by Jesper Froden.
5:11 of 1st period - Shot Misses the Net.
5:29 of 1st period - Minor Penalty to Jakob Pelletier for Holding.
5:30 of 1st period - Tyler Pitlick wins face-off versus Yakov Trenin in Peoria Rivermen zone.
6:03 of 1st period - Wrist shot by Cole Sillinger.
6:03 of 1st period - Stopped by Joey Daccord with a rebound.
6:45 of 1st period - Ryan Lomberg is hit by Bobby Brink and loses puck.
7:29 of 1st period - Penalty to Jakob Pelletier is over, Jakob Pelletier is back on ice.
7:38 of 1st period - Nick Leddy is hit by Alex Limoges and loses puck.
7:45 of 1st period - Backhand shot by Jacob Peterson.
7:45 of 1st period - Stopped by Joey Daccord with a rebound.
7:47 of 1st period - Slapshot by Benoit-Olivier Groulx.
7:47 of 1st period - Shot Misses the Net.
7:54 of 1st period - Icing by Josiah Slavin.
7:55 of 1st period - Jesper Froden wins face-off versus Jacob Peterson in Peoria Rivermen zone.
7:55 of 1st period - Jesper Froden is hit by Wyatt Newpower.
8:06 of 1st period - Snap shot by Jesper Froden.
8:06 of 1st period - Shot Misses the Net.
8:08 of 1st period - Slapshot by Nick Leddy.
8:08 of 1st period - Shot Blocked by Wyatt Newpower.
8:10 of 1st period - Wrist shot by Brandon Biro.
8:10 of 1st period - Shot Misses the Net.
8:55 of 1st period - Cole Sillinger is hit by Nico Sturm and loses puck.
9:16 of 1st period - Wrist shot by Jacob Peterson.
9:16 of 1st period - Shot Misses the Net.
9:28 of 1st period - Minor Penalty to Ryan Merkley for Roughing.
9:29 of 1st period - Yakov Trenin wins face-off versus Nico Sturm in Abbotsford Heat zone.
9:33 of 1st period - Snap shot by Sasha Chmelevski.
9:33 of 1st period - Shot Blocked by Cole Sillinger.
9:39 of 1st period - Wrist shot by Nico Sturm.
9:39 of 1st period - Stopped by Pheonix Copley with a rebound.
10:20 of 1st period - Icing by Josiah Slavin.
10:21 of 1st period - Nico Sturm wins face-off versus Cole Sillinger in Peoria Rivermen zone.
10:46 of 1st period - Wrist shot by Bobby Brink.
10:46 of 1st period - Goal by Bobby Brink - Peoria Rivermen : 0 - Abbotsford Heat : 1.
10:47 of 1st period - Bobby Brink wins face-off versus Nico Sturm in neutral zone.
10:50 of 1st period - Slapshot by Bobby Brink.
10:50 of 1st period - Shot Misses the Net.
10:52 of 1st period - Slapshot by Bobby Brink.
10:52 of 1st period - Shot Blocked by Zachary Jones.
10:54 of 1st period - Snap shot by Cole Perfetti.
10:54 of 1st period - Deflect By Bobby Brink.
10:54 of 1st period - Goal by Bobby Brink - Peoria Rivermen : 0 - Abbotsford Heat : 2.
10:55 of 1st period - Dakota Joshua wins face-off versus Yakov Trenin in neutral zone.
10:58 of 1st period - Snap shot by Tyler Pitlick.
10:58 of 1st period - Shot Misses the Net.
11:00 of 1st period - Snap shot by Ryan Lomberg.
11:00 of 1st period - Goal by Ryan Lomberg - Peoria Rivermen : 1 - Abbotsford Heat : 2.
11:01 of 1st period - Yakov Trenin wins face-off versus Nico Sturm in neutral zone.
11:33 of 1st period - Snap shot by Rafael Harvey-Pinard.
11:33 of 1st period - Shot Misses the Net.
12:49 of 1st period - Snap shot by Bobby Brink.
12:49 of 1st period - Stopped by Joey Daccord with a rebound.
13:01 of 1st period - Jacob Peterson is hit by Jonas Rondbjerg and loses puck.
14:18 of 1st period - Snap shot by Sasha Chmelevski.
14:18 of 1st period - Goal by Sasha Chmelevski - Peoria Rivermen : 2 - Abbotsford Heat : 2.
14:19 of 1st period - Nico Sturm wins face-off versus Bobby Brink in neutral zone.
14:22 of 1st period - Snap shot by Radim Zohorna.
14:22 of 1st period - Stopped by Pheonix Copley with a rebound.
14:33 of 1st period - Nico Sturm is hit by Yakov Trenin and loses puck.
15:09 of 1st period - Vincent Desharnais is hit by Jalen Chatfield and loses puck.
15:16 of 1st period - Wrist shot by Jakob Pelletier.
15:16 of 1st period - Shot Misses the Net.
15:26 of 1st period - Wrist shot by Bobby Brink.
15:26 of 1st period - Stopped by Joey Daccord without a rebound.
15:27 of 1st period - Grant Mismash wins face-off versus Yakov Trenin in Peoria Rivermen zone.
16:01 of 1st period - Snap shot by Sasha Chmelevski.
16:01 of 1st period - Stopped by Pheonix Copley with a rebound.
16:38 of 1st period - Minor Penalty to Yakov Trenin for High sticking.
16:39 of 1st period - Nico Sturm wins face-off versus Cole Perfetti in Abbotsford Heat zone.
16:52 of 1st period - Snap shot by Sasha Chmelevski.
16:52 of 1st period - Shot Misses the Net.
16:54 of 1st period - Wrist shot by Sasha Chmelevski.
16:54 of 1st period - Stopped by Pheonix Copley with a rebound.
17:12 of 1st period - Benoit-Olivier Groulx is hit by Dakota Joshua and loses puck.
18:38 of 1st period - Penalty to Yakov Trenin is over, Yakov Trenin is back on ice.
18:50 of 1st period - Wrist shot by Cole Perfetti.
18:50 of 1st period - Stopped by Joey Daccord with a rebound.
19:02 of 1st period - Snap shot by Cole Perfetti.
19:02 of 1st period - Deflect By Bobby Brink.
19:02 of 1st period - Shot Blocked by Zachary Jones.
19:02 of 1st period - Puck is out of play.
19:03 of 1st period - Benoit-Olivier Groulx wins face-off versus Josiah Slavin in Peoria Rivermen zone.
19:04 of 1st period - Wrist shot by Jacob Peterson.
19:04 of 1st period - Stopped by Joey Daccord with a rebound.
19:10 of 1st period - Snap shot by Jacob Peterson.
19:10 of 1st period - Stopped by Joey Daccord with a rebound.
19:12 of 1st period - Wrist shot by Jacob Peterson.
19:12 of 1st period - Deflect By Benoit-Olivier Groulx.
19:12 of 1st period - Shot Misses the Net.
19:12 of 1st period - Puck is out of play.
19:13 of 1st period - Jakob Pelletier wins face-off versus Benoit-Olivier Groulx in Peoria Rivermen zone.
19:28 of 1st period - Wrist shot by Jacob Peterson.
19:28 of 1st period - Shot Misses the Net.
19:30 of 1st period - Snap shot by Alex Limoges.
19:30 of 1st period - Goal by Alex Limoges - Peoria Rivermen : 2 - Abbotsford Heat : 3.
19:31 of 1st period - Nico Sturm wins face-off versus Yakov Trenin in neutral zone.
19:40 of 1st period - Wrist shot by Radim Zohorna.
19:40 of 1st period - Shot Misses the Net.
19:42 of 1st period - Slapshot by Jalen Chatfield.
19:42 of 1st period - Deflect By Dennis Gilbert.
19:42 of 1st period - Stopped by Pheonix Copley with a rebound.
19:44 of 1st period - Snap shot by Sasha Chmelevski.
19:44 of 1st period - Deflect By Nico Sturm.
19:44 of 1st period - Shot Blocked by Vincent Desharnais.
19:44 of 1st period - Puck is out of play.
19:45 of 1st period - Cole Sillinger wins face-off versus Dakota Joshua in Abbotsford Heat zone.
Goals for this period are 2 for Peoria Rivermen vs 3 for Abbotsford Heat.
Shots for this period are 7 for Peoria Rivermen vs 12 for Abbotsford Heat.
2nd period
0:01 of 2nd period - Nico Sturm wins face-off versus Cole Perfetti in neutral zone.
0:23 of 2nd period - Icing by Yegor Zamula.
0:24 of 2nd period - Cole Sillinger wins face-off versus Nico Sturm in Peoria Rivermen zone.
0:25 of 2nd period - Snap shot by Lane Pederson.
0:25 of 2nd period - Shot Misses the Net.
0:27 of 2nd period - Slapshot by Cole Sillinger.
0:27 of 2nd period - Stopped by Joey Daccord without a rebound.
0:28 of 2nd period - Dakota Joshua wins face-off versus Cole Sillinger in Peoria Rivermen zone.
1:00 of 2nd period - Ryan Merkley is hit by Sasha Chmelevski and loses puck.
1:33 of 2nd period - Cole Perfetti is hit by Yegor Zamula and loses puck.
2:10 of 2nd period - Wrist shot by Cole Sillinger.
2:10 of 2nd period - Deflect By Lane Pederson.
2:10 of 2nd period - Shot Misses the Net.
2:10 of 2nd period - Puck is out of play.
2:11 of 2nd period - Dakota Joshua wins face-off versus Rafael Harvey-Pinard in Peoria Rivermen zone.
2:28 of 2nd period - Slapshot by Dakota Joshua.
2:28 of 2nd period - Shot Hit the Post.
2:30 of 2nd period - Wrist shot by Zachary Jones.
2:30 of 2nd period - Shot Misses the Net.
2:32 of 2nd period - Wrist shot by Tyler Pitlick.
2:32 of 2nd period - Stopped by Pheonix Copley with a rebound.
2:34 of 2nd period - Snap shot by Dakota Joshua.
2:34 of 2nd period - Shot Misses the Net.
2:36 of 2nd period - Slapshot by Tyler Pitlick.
2:36 of 2nd period - Shot Misses the Net.
2:38 of 2nd period - Wrist shot by Dakota Joshua.
2:38 of 2nd period - Stopped by Pheonix Copley with a rebound.
2:40 of 2nd period - Snap shot by Tyler Pitlick.
2:40 of 2nd period - Stopped by Pheonix Copley with a rebound.
2:42 of 2nd period - Slapshot by Ryan Lomberg.
2:42 of 2nd period - Shot Misses the Net.
2:44 of 2nd period - Backhand shot by Tyler Pitlick.
2:44 of 2nd period - Stopped by Pheonix Copley with a rebound.
2:46 of 2nd period - Wrist shot by Dakota Joshua.
2:46 of 2nd period - Shot Misses the Net.
2:48 of 2nd period - Snap shot by Ryan Lomberg.
2:48 of 2nd period - Goal by Ryan Lomberg - Peoria Rivermen : 3 - Abbotsford Heat : 3.
2:49 of 2nd period - Jacob Peterson wins face-off versus Nico Sturm in neutral zone.
2:51 of 2nd period - Dennis Gilbert is hit by Zachary Jones and loses puck.
3:37 of 2nd period - Cole Sillinger is hit by Dakota Joshua and loses puck.
3:42 of 2nd period - Snap shot by Tyler Pitlick.
3:42 of 2nd period - Stopped by Pheonix Copley with a rebound.
3:46 of 2nd period - Wrist shot by Tyler Pitlick.
3:46 of 2nd period - Shot Misses the Net.
3:48 of 2nd period - Wrist shot by Ryan Lomberg.
3:48 of 2nd period - Deflect By Tyler Pitlick.
3:48 of 2nd period - Shot Misses the Net.
3:48 of 2nd period - Puck is out of play.
3:49 of 2nd period - Nico Sturm wins face-off versus Benoit-Olivier Groulx in Abbotsford Heat zone.
4:38 of 2nd period - Wrist shot by Josiah Slavin.
4:38 of 2nd period - Deflect By Jonas Rondbjerg.
4:38 of 2nd period - Stopped by Pheonix Copley with a rebound.
5:02 of 2nd period - Wrist shot by Gabriel Fortier.
5:02 of 2nd period - Shot Blocked by Yegor Zamula.
5:08 of 2nd period - Dennis Gilbert is hit by Nico Sturm and loses puck.
5:19 of 2nd period - Brandon Biro is hit by Yakov Trenin.
5:26 of 2nd period - Off-side.
5:27 of 2nd period - Cole Sillinger wins face-off versus Dakota Joshua in neutral zone.
5:42 of 2nd period - Slapshot by Tyler Pitlick.
5:42 of 2nd period - Shot Blocked by Lane Pederson.
5:58 of 2nd period - Snap shot by Sasha Chmelevski.
5:58 of 2nd period - Stopped by Pheonix Copley with a rebound.
6:00 of 2nd period - Snap shot by Radim Zohorna.
6:00 of 2nd period - Stopped by Pheonix Copley with a rebound.
6:32 of 2nd period - Wrist shot by Jacob Peterson.
6:32 of 2nd period - Shot Misses the Net.
6:42 of 2nd period - Slapshot by Jakob Pelletier.
6:42 of 2nd period - Stopped by Pheonix Copley without a rebound.
6:43 of 2nd period - Dakota Joshua wins face-off versus Yakov Trenin in Abbotsford Heat zone.
6:59 of 2nd period - Cole Perfetti is hit by Ryan Lomberg and loses puck.
8:34 of 2nd period - Slapshot by Jonas Rondbjerg.
8:34 of 2nd period - Deflect By Jakob Pelletier.
8:34 of 2nd period - Shot Misses the Net.
8:34 of 2nd period - Puck is out of play.
8:35 of 2nd period - Yakov Trenin wins face-off versus Jakob Pelletier in Abbotsford Heat zone.
9:25 of 2nd period - Jacob Peterson is hit by Grant Mismash and loses puck.
9:42 of 2nd period - Michael Anderson is hit by Sasha Chmelevski.
9:53 of 2nd period - Snap shot by Alex Limoges.
9:53 of 2nd period - Goal by Alex Limoges - Peoria Rivermen : 3 - Abbotsford Heat : 4.
9:54 of 2nd period - Cole Sillinger wins face-off versus Dakota Joshua in neutral zone.
10:09 of 2nd period - Snap shot by Rafael Harvey-Pinard.
10:09 of 2nd period - Shot Blocked by Jalen Chatfield.
10:54 of 2nd period - Wrist shot by Josiah Slavin.
10:54 of 2nd period - Shot Blocked by Daniil Miromanov.
10:56 of 2nd period - Wrist shot by Zachary Jones.
10:56 of 2nd period - Deflect By Brandon Biro.
10:56 of 2nd period - Goal by Brandon Biro - Peoria Rivermen : 4 - Abbotsford Heat : 4.
10:57 of 2nd period - Benoit-Olivier Groulx wins face-off versus Dakota Joshua in neutral zone.
11:06 of 2nd period - Wrist shot by Alex Limoges.
11:06 of 2nd period - Shot Misses the Net.
11:08 of 2nd period - Snap shot by Benoit-Olivier Groulx.
11:08 of 2nd period - Stopped by Joey Daccord without a rebound.
11:09 of 2nd period - Nico Sturm wins face-off versus Yakov Trenin in Peoria Rivermen zone.
11:59 of 2nd period - Slapshot by Zachary Jones.
11:59 of 2nd period - Stopped by Pheonix Copley with a rebound.
12:01 of 2nd period - Slapshot by Josiah Slavin.
12:01 of 2nd period - Goal by Josiah Slavin - Peoria Rivermen : 5 - Abbotsford Heat : 4.
12:02 of 2nd period - Nico Sturm wins face-off versus Jacob Peterson in neutral zone.
12:05 of 2nd period - Snap shot by Radim Zohorna.
12:05 of 2nd period - Stopped by Pheonix Copley with a rebound.
12:38 of 2nd period - Wrist shot by Jacob Peterson.
12:38 of 2nd period - Deflect By Jalen Chatfield.
12:38 of 2nd period - Shot Blocked by Jalen Chatfield.
12:38 of 2nd period - Puck is out of play.
12:39 of 2nd period - Yakov Trenin wins face-off versus Dakota Joshua in Peoria Rivermen zone.
12:42 of 2nd period - Snap shot by Bobby Brink.
12:42 of 2nd period - Stopped by Joey Daccord with a rebound.
12:44 of 2nd period - Snap shot by Cole Perfetti.
12:44 of 2nd period - Shot Misses the Net.
12:46 of 2nd period - Snap shot by Cole Perfetti.
12:46 of 2nd period - Stopped by Joey Daccord without a rebound.
12:47 of 2nd period - Yakov Trenin wins face-off versus Dakota Joshua in Peoria Rivermen zone.
12:51 of 2nd period - Minor Penalty to Ryan Lomberg for Cross-checking.
12:52 of 2nd period - Cole Sillinger wins face-off versus Tyler Pitlick in Peoria Rivermen zone.
12:52 of 2nd period - Wrist shot by Lane Pederson.
12:52 of 2nd period - Shot Misses the Net.
12:54 of 2nd period - Wrist shot by Michael Anderson.
12:54 of 2nd period - Shot Blocked by Yegor Zamula.
12:56 of 2nd period - Wrist shot by Lane Pederson.
12:56 of 2nd period - Stopped by Joey Daccord with a rebound.
13:00 of 2nd period - Snap shot by Lane Pederson.
13:00 of 2nd period - Deflect By Jalen Chatfield.
13:00 of 2nd period - Shot Misses the Net.
13:00 of 2nd period - Puck is out of play.
13:01 of 2nd period - Cole Sillinger wins face-off versus Tyler Pitlick in Peoria Rivermen zone.
13:04 of 2nd period - Snap shot by Lane Pederson.
13:04 of 2nd period - Shot Blocked by Jalen Chatfield.
13:28 of 2nd period - Slapshot by Lane Pederson.
13:28 of 2nd period - Deflect By Rafael Harvey-Pinard.
13:28 of 2nd period - Stopped by Joey Daccord with a rebound.
13:30 of 2nd period - Snap shot by Ryan Merkley.
13:30 of 2nd period - Shot Misses the Net.
13:38 of 2nd period - Snap shot by Cole Sillinger.
13:38 of 2nd period - Stopped by Joey Daccord with a rebound.
13:40 of 2nd period - Slapshot by Ryan Merkley.
13:40 of 2nd period - Shot Blocked by Yegor Zamula.
13:42 of 2nd period - Snap shot by Cole Sillinger.
13:42 of 2nd period - Stopped by Joey Daccord without a rebound.
13:43 of 2nd period - Yakov Trenin wins face-off versus Nico Sturm in Peoria Rivermen zone.
13:49 of 2nd period - Wrist shot by Bobby Brink.
13:49 of 2nd period - Shot Misses the Net.
14:51 of 2nd period - Penalty to Ryan Lomberg is over, Ryan Lomberg is back on ice.
15:31 of 2nd period - Snap shot by Brandon Biro.
15:31 of 2nd period - Shot Misses the Net.
15:33 of 2nd period - Wrist shot by Grant Mismash.
15:33 of 2nd period - Shot Blocked by Wyatt Newpower.
15:35 of 2nd period - Snap shot by Brandon Biro.
15:35 of 2nd period - Shot Misses the Net.
15:52 of 2nd period - Yakov Trenin is hit by Jonas Rondbjerg and loses puck.
16:16 of 2nd period - Tyler Pitlick is hit by Vincent Desharnais and loses puck.
16:34 of 2nd period - Double Minor Penalty to Cole Sillinger for Roughing.
16:35 of 2nd period - Bobby Brink wins face-off versus Nico Sturm in Abbotsford Heat zone.
16:47 of 2nd period - Wrist shot by Nico Sturm.
16:47 of 2nd period - Stopped by Pheonix Copley without a rebound.
16:48 of 2nd period - Bobby Brink wins face-off versus Dakota Joshua in Abbotsford Heat zone.
17:03 of 2nd period - Snap shot by Dakota Joshua.
17:03 of 2nd period - Deflect By Ryan Lomberg.
17:03 of 2nd period - Shot Blocked by Yakov Trenin.
17:03 of 2nd period - Puck is out of play.
17:04 of 2nd period - Bobby Brink wins face-off versus Nico Sturm in Abbotsford Heat zone.
17:34 of 2nd period - Wrist shot by Ryan Lomberg.
17:34 of 2nd period - Shot Blocked by Yakov Trenin.
17:36 of 2nd period - Wrist shot by Tyler Pitlick.
17:36 of 2nd period - Stopped by Pheonix Copley with a rebound.
17:38 of 2nd period - Slapshot by Jalen Chatfield.
17:38 of 2nd period - Deflect By Dakota Joshua.
17:38 of 2nd period - Goal by Dakota Joshua - Peoria Rivermen : 6 - Abbotsford Heat : 4.
17:39 of 2nd period - Bobby Brink wins face-off versus Sasha Chmelevski in neutral zone.
17:50 of 2nd period - Benoit-Olivier Groulx is hit by Josiah Slavin.
18:51 of 2nd period - Icing by Sasha Chmelevski.
18:52 of 2nd period - Dakota Joshua wins face-off versus Yakov Trenin in Peoria Rivermen zone.
19:38 of 2nd period - Penalty to Cole Sillinger is over, Cole Sillinger is back on ice.
19:58 of 2nd period - Slapshot by Brandon Biro.
19:58 of 2nd period - Shot Misses the Net.
Goals for this period are 4 for Peoria Rivermen vs 1 for Abbotsford Heat.
Shots for this period are 17 for Peoria Rivermen vs 9 for Abbotsford Heat.
3rd period
0:01 of 3rd period - Nico Sturm wins face-off versus Yakov Trenin in neutral zone.
0:26 of 3rd period - Sasha Chmelevski is hit by Benoit-Olivier Groulx.
0:34 of 3rd period - Snap shot by Sasha Chmelevski.
0:34 of 3rd period - Shot Misses the Net.
0:36 of 3rd period - Slapshot by Jalen Chatfield.
0:36 of 3rd period - Shot Misses the Net.
1:27 of 3rd period - Snap shot by Sasha Chmelevski.
1:27 of 3rd period - Deflect By Radim Zohorna.
1:27 of 3rd period - Shot Blocked by Ryan Merkley.
1:27 of 3rd period - Puck is out of play.
1:28 of 3rd period - Jacob Peterson wins face-off versus Dakota Joshua in Abbotsford Heat zone.
1:32 of 3rd period - Minor Penalty to Ryan Lomberg for Holding.
1:33 of 3rd period - Yakov Trenin wins face-off versus Tyler Pitlick in Peoria Rivermen zone.
1:59 of 3rd period - Vincent Desharnais is hit by Dakota Joshua.
3:32 of 3rd period - Penalty to Ryan Lomberg is over, Ryan Lomberg is back on ice.
3:55 of 3rd period - Wrist shot by Brandon Biro.
3:55 of 3rd period - Shot Misses the Net.
3:57 of 3rd period - Snap shot by Brandon Biro.
3:57 of 3rd period - Stopped by Pheonix Copley without a rebound.
3:58 of 3rd period - Jakob Pelletier wins face-off versus Alex Limoges in Abbotsford Heat zone.
4:05 of 3rd period - Wrist shot by Jakob Pelletier.
4:05 of 3rd period - Stopped by Pheonix Copley with a rebound.
4:12 of 3rd period - Icing by Dennis Gilbert.
4:13 of 3rd period - Benoit-Olivier Groulx wins face-off versus Dakota Joshua in Abbotsford Heat zone.
4:13 of 3rd period - Benoit-Olivier Groulx is hit by Dakota Joshua.
4:14 of 3rd period - Yakov Trenin and Dakota Joshua fight to a draw.
4:14 of 3rd period - Penalty to Yakov Trenin for Fighting.
4:14 of 3rd period - Penalty to Dakota Joshua for Fighting.
4:15 of 3rd period - Cole Sillinger wins face-off versus Josiah Slavin in Abbotsford Heat zone.
4:15 of 3rd period - Cole Sillinger is hit by Connor Mackey.
5:04 of 3rd period - Cole Perfetti is hit by Sasha Chmelevski and loses puck.
5:30 of 3rd period - Wrist shot by Brandon Biro.
5:30 of 3rd period - Shot Misses the Net.
5:36 of 3rd period - Daniil Miromanov is hit by Grant Mismash and loses puck.
6:27 of 3rd period - Jesper Froden is hit by Dennis Gilbert and loses puck.
8:03 of 3rd period - Lane Pederson is hit by Ryan Lomberg and loses puck.
8:44 of 3rd period - Nick Leddy is hit by Gabriel Fortier and loses puck.
9:59 of 3rd period - Benoit-Olivier Groulx is hit by Jakob Pelletier.
10:23 of 3rd period - Radim Zohorna is hit by Michael Anderson.
10:44 of 3rd period - Cole Sillinger is hit by Matthew Kessel and loses puck.
11:15 of 3rd period - Connor Mackey is hit by Jacob Peterson and loses puck.
11:28 of 3rd period - Gabriel Fortier is hit by Zachary Jones and loses puck.
11:54 of 3rd period - Ryan Merkley is hit by Ryan Lomberg and loses puck.
12:07 of 3rd period - Vincent Desharnais is hit by Jalen Chatfield and loses puck.
12:44 of 3rd period - Snap shot by Cole Sillinger.
12:44 of 3rd period - Stopped by Joey Daccord without a rebound.
12:45 of 3rd period - Dakota Joshua wins face-off versus Yakov Trenin in Peoria Rivermen zone.
12:45 of 3rd period - Dakota Joshua is hit by Yakov Trenin.
13:03 of 3rd period - Wyatt Newpower is hit by Ryan Lomberg and loses puck.
13:17 of 3rd period - Snap shot by Cole Sillinger.
13:17 of 3rd period - Stopped by Joey Daccord without a rebound.
13:18 of 3rd period - Cole Sillinger wins face-off versus Nico Sturm in Peoria Rivermen zone.
13:47 of 3rd period - Slapshot by Bobby Brink.
13:47 of 3rd period - Deflect By Yakov Trenin.
13:47 of 3rd period - Stopped by Joey Daccord with a rebound.
13:49 of 3rd period - Slapshot by Ryan Merkley.
13:49 of 3rd period - Stopped by Joey Daccord without a rebound.
13:50 of 3rd period - Dakota Joshua wins face-off versus Yakov Trenin in Peoria Rivermen zone.
14:07 of 3rd period - Snap shot by Bobby Brink.
14:07 of 3rd period - Stopped by Joey Daccord with a rebound.
14:09 of 3rd period - Wrist shot by Michael Anderson.
14:09 of 3rd period - Shot Misses the Net.
14:11 of 3rd period - Slapshot by Bobby Brink.
14:11 of 3rd period - Shot Misses the Net.
15:34 of 3rd period - Minor Penalty to Ryan Lomberg for Hooking.
15:35 of 3rd period - Brandon Biro wins face-off versus Cole Sillinger in Peoria Rivermen zone.
16:24 of 3rd period - Snap shot by Daniil Miromanov.
16:24 of 3rd period - Shot Misses the Net.
16:26 of 3rd period - Snap shot by Benoit-Olivier Groulx.
16:26 of 3rd period - Deflect By Jalen Chatfield.
16:26 of 3rd period - Stopped by Joey Daccord with a rebound.
16:28 of 3rd period - Slapshot by Benoit-Olivier Groulx.
16:28 of 3rd period - Shot Misses the Net.
16:30 of 3rd period - Slapshot by Benoit-Olivier Groulx.
16:30 of 3rd period - Stopped by Joey Daccord without a rebound.
16:31 of 3rd period - Brandon Biro wins face-off versus Filip Chlapik in Peoria Rivermen zone.
16:42 of 3rd period - Wrist shot by Nico Sturm.
16:42 of 3rd period - Stopped by Pheonix Copley with a rebound.
17:03 of 3rd period - Snap shot by Benoit-Olivier Groulx.
17:03 of 3rd period - Shot Misses the Net.
17:05 of 3rd period - Slapshot by Wyatt Newpower.
17:05 of 3rd period - Stopped by Joey Daccord with a rebound.
17:07 of 3rd period - Slapshot by Benoit-Olivier Groulx.
17:07 of 3rd period - Shot Blocked by Connor Mackey.
17:09 of 3rd period - Slapshot by Wyatt Newpower.
17:09 of 3rd period - Stopped by Joey Daccord with a rebound.
17:11 of 3rd period - Slapshot by Benoit-Olivier Groulx.
17:11 of 3rd period - Shot Misses the Net.
17:13 of 3rd period - Slapshot by Benoit-Olivier Groulx.
17:13 of 3rd period - Deflect By Daniil Miromanov.
17:13 of 3rd period - Shot Blocked by Zachary Jones.
17:13 of 3rd period - Puck is out of play.
17:14 of 3rd period - Cole Sillinger wins face-off versus Sasha Chmelevski in Peoria Rivermen zone.
17:34 of 3rd period - Penalty to Ryan Lomberg is over, Ryan Lomberg is back on ice.
17:46 of 3rd period - Ryan Lomberg is hit by Vincent Desharnais.
Goals for this period are 0 for Peoria Rivermen vs 0 for Abbotsford Heat.
Shots for this period are 3 for Peoria Rivermen vs 9 for Abbotsford Heat.
Back to the Top